[Event "French Top 16-A 2024"]
[Site "Chartres"]
[Date "2024.06.01"]
[Round "1.1"]
[White "Harikrishna, Pentala"]
[Black "Erigaisi Arjun"]
[Result "0-1"]
[ECO "D47"]
[WhiteElo "2700"]
[BlackElo "2762"]
[Annotator "RC"]
[PlyCount "124"]
[EventDate "2024.06.01"]
[EventType "team-tourn"]
[EventCountry "FRA"]
[SourceTitle "playchess.com"]
[Source "ChessBase"]
[SourceQuality "1"]
[TimeControl "40/5400+30:1800+30"]

1. d4 d5 2. Nf3 Nf6 3. c4 e6 4. Nc3 c6 5. e3 Nbd7 6. Bd3 dxc4 7. Bxc4 b5 8. Be2 Bb7 9. O-O a6 10. e4 c5 11. e5 Nd5 12. a4 Nxc3 13. bxc3 b4 14. Bg5 Be7 15. Bxe7 Qxe7 16. Rc1 Rb8 17. cxb4 cxb4 18. a5 O-O 19. Qa4 Rfd8 20. Rc7 Be4 21. Bxa6 b3 22. Nd2 Rb4 23. Qa3 Bxg2 24. Kxg2 Qg5+ 25. Kh1 Qxd2 26. Rb7 Rxd4 27. Rxb3 Nxe5 28. Rb2 Qf4 29. Be2 Ra4 30. Qd6 Rd4 31. Qc7 h6 32. a6 R4d7 33. Qc1 Qd4 34. Rc2 Nd3 35. Qe3 Qa4 36. Rc3 Qxa6 37. Kg1 Rd5 38. Rd1 Nf4 39. Rxd5 Nxe2+ 40. Qxe2 Qa1+ 41. Kg2 Qa8 42. Rcc5 Rxd5 43. Rxd5 Qxd5+ 44. Kg1 g5 45. Qb2 Qd1+ 46. Kg2 Qg4+ 47. Kf1 Qf3 48. Kg1 Kh7 49. Qc2+ Kg7 50. Qb2+ Kg6 51. Qh8 g4 52. Qd8 Kh5 53. Qe7 Qf4 54. Kg2 e5 55. Kg1 f6 56. Qe8+ Kh4 57. Qc6 e4 58. Qc5 f5 59. Qc3 h5 60. Qa3 Qf3 61. Qc1 f4 62. Qe1 g3 0-1

[Event "French Top 16-A 2024"]
[Site "Chartres"]
[Date "2024.06.01"]
[Round "1.1"]
[White "Amin, Bassem"]
[Black "Malassagne, Raphael"]
[Result "1-0"]
[ECO "B01"]
[WhiteElo "2683"]
[BlackElo "2260"]
[Annotator "TA"]
[PlyCount "59"]
[EventDate "2024.06.01"]
[EventType "team-tourn"]
[EventCountry "FRA"]
[SourceTitle "playchess.com"]
[Source "ChessBase"]
[SourceQuality "1"]
[TimeControl "40/5400+30:1800+30"]

1. e4 d5 2. exd5 Qxd5 3. Nc3 Qa5 4. d4 Nf6 5. Nf3 Bf5 6. Bc4 e6 7. Bd2 {[%emt 0:00:37][%cal Oc3d5] Black must now prevent Nd5!} Bb4 8. a3 Bxc3 9. Bxc3 {[%emt 0:00:33] The position is equal.} Qb6 10. O-O O-O 11. Bb4 Re8 12. Bc5 {[%emt 0:21:46] A strong pair of Bishops.} Qxb2 13. Bb3 (13. Ra2 $1 $11 Qc3 14. Bb5) 13... Nc6 (13... Na6 $1 $17 {Threatens to win with ...Nxc5.} 14. Bb4 Nxb4 15. axb4 Be4) 14. Ba4 Qc3 15. Rb1 Qa5 (15... Reb8 $17 16. Re1 h6) 16. Bxc6 $11 bxc6 17. Ne5 {[%emt 0:00:09] Dodges Nd7} Qa4 18. Rb7 Bxc2 19. Qf3 Be4 20. Qf4 (20. Qe2 $11) 20... Rec8 ({Better is} 20... Bf5 $17 21. Qf3 (21. Rxc7 $2 Nd5 $19) 21... Nd5) 21. Be7 Bg6 (21... Bf5 $1 $11 22. Bxf6 gxf6) 22. Bxf6 $16 {[%emt 0:00:52] White is much more active.} gxf6 23. Nd7 (23. Qxf6 $16 {h4 is the strong threat.} Qxd4 24. Rb4) 23... Qxa3 $11 24. Nxf6+ Kf8 (24... Kh8 $11) 25. Qh6+ $16 {[%emt 0:04:38][%mdl 1024] White has strong compensation.} (25. Rxc7 $6 Rxc7 26. Qxc7 Qb4 $11) 25... Ke7 26. Qg5 (26. Nxh7 Bxh7 27. Qh4+ (27. Qxh7 a5 $11) 27... Kd7 28. Qxh7 Qe7) 26... Kf8 $2 {[%emt 0:01:18] [#]} (26... Rab8 $16 27. Nxh7+ Kd6 28. Rxb8 (28. Qe5+ Kd7 $14) 28... Rxb8) 27. h4 $1 $18 {[%emt 0:00:14] Hoping for h5.} (27. Qh6+ Ke7 28. Qg5 (28. Nxh7 Bxh7 29. Qh4+ Kd7 $11) 28... h6 $18) 27... h5 28. g4 ({Not} 28. Nxh5 Bxh5 29. Qxh5 Ke7 $14) 28... Qf3 {[%emt 0:03:05] [#]} 29. gxh5 (29. Nxh5 $2 {is the wrong capture.} Be4 30. Qh6+ Ke7 31. Qg5+ f6 32. Qxf6+ Qxf6 $19) (29. Re1 $1 $18 {[%cal Re1e6] and White stays clearly on top.} hxg4 30. h5 (30. Nxg4 Qf5 $11)) 29... Kg7 $2 (29... Be4 $16 {is a better chance.} 30. Kh2 Qf5) 30. Ng4 {[%emt 0:04:13] Weighted Error Value: White=0.24 (precise) /Black=0.63.  Loses game:     	---       	Black=2      Mistake:       	White=4     	Black=5      Inaccurate:     	---       	Black=1      OK:         	White=6     	Black=11     Best:        	White=5     	---        Strong:       	White=1     	---} 1-0

[Event "French Top 16-A 2024"]
[Site "Chartres"]
[Date "2024.06.01"]
[Round "1.2"]
[White "Ganguly, Surya Shekhar"]
[Black "Movsesian, Sergei"]
[Result "1-0"]
[ECO "B11"]
[WhiteElo "2576"]
[BlackElo "2618"]
[Annotator "TA"]
[PlyCount "57"]
[EventDate "2024.06.01"]
[EventType "team-tourn"]
[EventCountry "FRA"]
[SourceTitle "playchess.com"]
[Source "ChessBase"]
[SourceQuality "1"]
[TimeControl "40/5400+30:1800+30"]

1. e4 c6 2. Nf3 d5 3. Nc3 dxe4 4. Nxe4 Nf6 5. Qe2 Nxe4 6. Qxe4 Nd7 7. c3 Nf6 8. Qc2 e6 {[%emt 0:02:23] The position is equal.} 9. d4 Be7 10. Bd3 O-O 11. Bg5 h6 {[%emt 0:03:14] [#]} 12. h4 b5 {[%emt 0:04:36] [#] White leaves nothing to chance now.} (12... hxg5 $2 13. hxg5 g6 14. gxf6 $18) (12... Ng4 $14) (12... c5 13. Bxf6) 13. O-O-O $1 Bb7 (13... hxg5 $2 14. hxg5 Re8 15. gxf6 (15. Bh7+ Kf8 $16) 15... Bxf6 16. g4 $18 (16. Bh7+ Kf8 $18)) (13... Nd5 14. Bxe7) 14. Rh3 {[%emt 0:06:36][%cal Og5h6] Bxh6! would now be deadly. White is more active.} Qd5 (14... hxg5 $2 {perishes.} 15. hxg5 Re8 16. Kb1 $18 (16. gxf6 Bxf6 17. Rdh1 Kf8 $18)) (14... b4 $16 {was worth a try.}) 15. Bxf6 $18 Bxf6 16. g4 $1 {[%emt 0:00:12][%cal Bg2g4,Bg4g5][%mdl 32] Hoping for g5!} g6 ({But not} 16... Qxa2 17. g5 Bd8 18. gxh6 $18) (16... h5 $142) 17. g5 $1 hxg5 (17... Bg7 18. gxh6 Bxh6+ 19. Kb1 Qd6 20. Bxg6 Qf4) 18. hxg5 Bg7 {[%emt 0:02:59][%cal Oc6c5] [#]} 19. Be4 $1 Qd6 20. Rdh1 Rfd8 21. Kb1 {[%emt 0:04:33] Rh7 is the strong threat.} Kf8 22. Rh7 {[%emt 0:00:50][%cal Oe4g6] Threatens to win with Bxg6!} Qc7 {[%emt 0:06:07] [#]} 23. Bxg6 $1 {[%emt 0:05:36][%cal Oh7g7][%mdl 512] Black must now prevent Rxg7!} fxg6 (23... Qf4 24. Rxg7) 24. Ne5 {[%emt 0:00:31] White mates.} c5 25. R1h4 cxd4 26. Rf4+ Kg8 {[%emt 0:00:06] [#]} 27. Qxg6 $1 Qxe5 (27... Be4+ 28. Rxe4) 28. Qf7+ Kxh7 29. Rh4# {[%emt 0:00:35] Weighted Error Value: White=0.03 (flawless) /Black=0.65.  Mistake:       	White=1     	Black=4      Inaccurate:     	---       	Black=3      OK:         	White=9     	Black=4      Strong:       	White=3     	---} 1-0

[Event "French Top 16-A 2024"]
[Site "Chartres"]
[Date "2024.06.01"]
[Round "1.2"]
[White "Willems, Niels"]
[Black "Van Foreest, Jorden"]
[Result "0-1"]
[ECO "A28"]
[WhiteElo "2329"]
[BlackElo "2665"]
[Annotator "RC"]
[PlyCount "136"]
[EventDate "2024.06.01"]
[EventType "team-tourn"]
[EventCountry "FRA"]
[SourceTitle "playchess.com"]
[Source "ChessBase"]
[SourceQuality "1"]
[TimeControl "40/5400+30:1800+30"]

1. c4 e5 2. Nc3 Nf6 3. Nf3 Nc6 4. e4 Bb4 5. d3 d6 6. a3 Bxc3+ 7. bxc3 Ng8 8. Be2 Nge7 9. O-O Ng6 10. Be3 b6 11. d4 O-O 12. c5 dxc5 13. dxc5 Qe7 14. Qa4 Bd7 15. Qc2 Na5 16. c4 Nb7 17. cxb6 axb6 18. c5 Nxc5 19. Bxc5 bxc5 20. g3 Bg4 21. Rfc1 Ra5 22. Ne1 Bxe2 23. Qxe2 Rfa8 24. Qb2 Qd7 25. Rc4 Qe6 26. Qc1 Qd6 27. Qc3 Nf8 28. Nd3 Ne6 29. Kg2 f6 30. a4 Qc6 31. Qb3 Kh8 32. f3 h6 33. h4 Kh7 34. Ra2 Nd4 35. Qa3 Qe6 36. Qc3 Rb5 37. Ra3 Rb1 38. Nxc5 Qd6 39. Ra2 Rab8 40. a5 Nb3 41. Nd3 Rd1 42. Nf2 Rc1 43. Qxc1 Nxc1 44. Rxc1 Qa6 45. Rac2 Rb3 46. Rxc7 Qxa5 47. Rd7 Rb2 48. Rcc7 Qa2 49. Rxg7+ Kh8 50. Rh7+ Kg8 51. Rhg7+ Kf8 52. Rgf7+ Qxf7 53. Rxf7+ Kxf7 54. h5 Ke6 55. g4 Kd6 56. Kg3 Rd2 57. Nh1 Kc5 58. Kh3 Rd3 59. Kg2 Kd4 60. Ng3 Ke3 61. Nf5+ Kf4 62. Nxh6 Rxf3 63. Ng8 Rg3+ 64. Kf2 Rxg4 65. Nxf6 Rh4 66. Ke2 Kg5 67. Nh7+ Kxh5 68. Kd3 Rf4 0-1

[Event "French Top 16-A 2024"]
[Site "Chartres"]
[Date "2024.06.01"]
[Round "1.3"]
[White "Esipenko, Andrey"]
[Black "Postny, Evgeny"]
[Result "1/2-1/2"]
[ECO "C65"]
[WhiteElo "2704"]
[BlackElo "2602"]
[Annotator "TA"]
[PlyCount "69"]
[EventDate "2024.06.01"]
[EventType "team-tourn"]
[EventCountry "FRA"]
[SourceTitle "playchess.com"]
[Source "ChessBase"]
[SourceQuality "1"]
[TimeControl "40/5400+30:1800+30"]

1. e4 e5 2. Nf3 Nc6 3. Bb5 Nf6 4. d3 Bc5 5. c3 O-O 6. O-O d5 7. Nbd2 Re8 8. exd5 {[%emt 0:14:57] White has an edge.} a6 9. Bc4 Nxd5 10. Ne4 $1 Be7 11. Re1 {[%emt 0:02:09] White is more active.} h6 {[%emt 0:08:55] Wards off Nfg5} 12. a4 Be6 13. b4 Bf8 14. Bd2 Nf6 15. Qe2 Bxc4 {[%emt 0:08:59] The position is equal.} 16. dxc4 Nxe4 17. Qxe4 Qc8 18. a5 f5 19. Qd5+ Qe6 20. Qxe6+ Rxe6 21. b5 axb5 22. cxb5 Nxa5 23. Bf4 (23. c4 $5 b6 $8 24. Rxe5 Rxe5 (24... Nxc4 $2 {perishes.} 25. Rxa8 Nxe5 26. Nxe5 $18) 25. Nxe5 $11) 23... Bd6 24. Bxe5 Bxe5 25. Rxe5 Rxe5 26. Nxe5 $11 {[%emt 0:00:05][%mdl 4096] Endgame. KRN-KRN} Rd8 27. h4 Nb3 28. Ra4 Nc5 29. Rf4 Ne4 30. c4 Nd6 31. Rd4 Nf7 32. Nd7 Nd6 ({Don't blunder} 32... Ne5 $2 33. Nf6+ Kf7 34. Rxd8 $18) 33. Ne5 Nf7 34. Nd7 Nd6 ({Don't go for} 34... Ne5 $2 35. Nf6+ Kf7 36. Rxd8 $18) 35. Ne5 {[%emt 0:01:15] Weighted Error Value: White=0.05 (flawless) /Black=0.04 (flawless) .  Inaccurate:     	White=2     	Black=2      OK:         	White=14    	Black=14     Strong:       	White=1     	---} 1/2-1/2

[Event "French Top 16-A 2024"]
[Site "Chartres"]
[Date "2024.06.01"]
[Round "1.3"]
[White "Tregubov, Pavel V."]
[Black "Dumas, Charles"]
[Result "1/2-1/2"]
[ECO "B31"]
[WhiteElo "2562"]
[BlackElo "2256"]
[Annotator "RC"]
[PlyCount "143"]
[EventDate "2024.06.01"]
[EventType "team-tourn"]
[EventCountry "FRA"]
[SourceTitle "playchess.com"]
[Source "ChessBase"]
[SourceQuality "1"]
[TimeControl "40/5400+30:1800+30"]

1. e4 c5 2. Nf3 Nc6 3. Bb5 g6 4. O-O Bg7 5. c3 Nf6 6. Re1 O-O 7. h3 e5 8. d4 cxd4 9. cxd4 Nxd4 10. Nxd4 exd4 11. Qxd4 d5 12. e5 Ne4 13. Nc3 Nxc3 14. bxc3 Qa5 15. a4 Be6 16. Ba3 Rfc8 17. Bb4 Qd8 18. a5 Bf8 19. h4 a6 20. Bd3 Rc6 21. h5 Qg5 22. hxg6 hxg6 23. Re3 Rac8 24. Rg3 Qh6 25. Bxf8 Kxf8 26. Qb4+ Kg7 27. Qe7 R8c7 28. Qf6+ Kh7 29. Re1 Qg7 30. Qh4+ Qh6 31. Qd4 Kg7 32. Bf1 Rc8 33. f4 Qh4 34. Ree3 Rh8 35. Kf2 Rh5 36. Be2 Rh8 37. Bd3 Rh5 38. Ref3 Kf8 39. Qb4+ Qe7 40. Be2 Rh1 41. Rg5 Qxb4 42. cxb4 Rc2 43. Rd3 Rb1 44. Ke3 Rxb4 45. Bf3 Bf5 46. Rxf5 gxf5 47. Rxd5 Rb3+ 48. Kd4 Rd2+ 49. Kc5 Rb5+ 50. Kd6 Rdxd5+ 51. Bxd5 Rxa5 52. Bxb7 Kg7 53. Bc8 Kg6 54. g4 fxg4 55. Bxg4 Ra4 56. Bc8 a5 57. f5+ Kg7 58. Ke7 Re4 59. f6+ Kg6 60. e6 fxe6 61. f7 Rf4 62. Bxe6 Kg7 63. Ke8 a4 64. Ke7 a3 65. Ke8 Rf2 66. Ke7 Rf6 67. Bd5 Rf2 68. Be6 Rf4 69. Ke8 Rxf7 70. Bxf7 a2 71. Bxa2 Kg6 72. Ke7 1/2-1/2

[Event "French Top 16-A 2024"]
[Site "Chartres"]
[Date "2024.06.01"]
[Round "1.4"]
[White "Bailet, Pierre"]
[Black "Cornette, Matthieu"]
[Result "1/2-1/2"]
[ECO "C70"]
[WhiteElo "2492"]
[BlackElo "2568"]
[Annotator "RC"]
[PlyCount "142"]
[EventDate "2024.06.01"]
[EventType "team-tourn"]
[EventCountry "FRA"]
[SourceTitle "playchess.com"]
[Source "ChessBase"]
[SourceQuality "1"]
[TimeControl "40/5400+30:1800+30"]

1. e4 e5 2. Nf3 Nc6 3. Bb5 a6 4. Ba4 Nge7 5. Nc3 Ng6 6. d4 exd4 7. Nxd4 Nxd4 8. Qxd4 b5 9. Bb3 Bb7 10. Qe3 Bd6 11. O-O O-O 12. Qg5 Be5 13. Qxd8 Raxd8 14. Rd1 Kh8 15. a4 Bxc3 16. bxc3 Bxe4 17. axb5 axb5 18. f3 Bc6 19. Ra7 Rc8 20. Bd5 Ne7 21. Bxc6 dxc6 22. c4 bxc4 23. Ba3 Rfe8 24. Bxe7 Rxe7 25. Ra4 g6 26. Rxc4 Re6 27. Rd7 Kg7 28. Rf4 Rf6 29. Rc4 Rd6 30. Re7 Kf6 31. Re3 Rcd8 32. Rf4+ Kg7 33. Re7 Rf6 34. Rc4 Rc8 35. h4 Kf8 36. Rd7 Rd6 37. Rd4 Rxd7 38. Rxd7 Ke8 39. Rd4 Rd8 40. Rc4 Rd1+ 41. Kf2 Rd2+ 42. Ke3 Rxg2 43. Rxc6 Kd8 44. Rf6 Rh2 45. Rxf7 Rxh4 46. f4 Rh5 47. Kd4 Kc8 48. c4 Kb7 49. c5 Rh1 50. f5 Rh4+ 51. Kd3 gxf5 52. Rxf5 Kc6 53. Rf7 h5 54. Rh7 Rh1 55. Kc4 h4 56. Rh6+ Kb7 57. Kb3 h3 58. Kc3 c6 59. Kb2 Kc7 60. Rh7+ Kd8 61. Rh6 Kd7 62. Ka2 Kc7 63. Kb2 Kb7 64. Ka2 Ka6 65. Rxc6+ Kb5 66. Rb6+ Kc4 67. c6 h2 68. c7 Ra1+ 69. Kb2 Ra8 70. Rh6 Rc8 71. Rxh2 Kd5 1/2-1/2

[Event "French Top 16-A 2024"]
[Site "Chartres"]
[Date "2024.06.01"]
[Round "1.4"]
[White "Bonte, Andrei-Mihai"]
[Black "Gharamian, Tigran"]
[Result "0-1"]
[ECO "E40"]
[WhiteElo "2270"]
[BlackElo "2588"]
[Annotator "RC"]
[PlyCount "94"]
[EventDate "2024.06.01"]
[EventType "team-tourn"]
[EventCountry "FRA"]
[SourceTitle "playchess.com"]
[Source "ChessBase"]
[SourceQuality "1"]
[TimeControl "40/5400+30:1800+30"]

1. d4 Nf6 2. c4 e6 3. Nc3 Bb4 4. e3 Bxc3+ 5. bxc3 b6 6. e4 Nxe4 7. Qg4 f5 8. Qxg7 Qf6 9. Qxf6 Nxf6 10. Bf4 d6 11. Nf3 Bb7 12. Nd2 Rg8 13. f3 Nc6 14. Be3 Kf7 15. Kf2 e5 16. Nb3 Ne7 17. c5 e4 18. Bc4+ Ned5 19. Rae1 b5 20. Bxd5+ Bxd5 21. Bf4 Nh5 22. Bd2 a5 23. Rhg1 a4 24. Nc1 a3 25. g4 Nf6 26. g5 Nd7 27. cxd6 cxd6 28. fxe4 fxe4 29. Bf4 Ke6 30. Ke3 Raf8 31. Rgf1 Rf7 32. Bg3 Rxf1 33. Rxf1 Rxg5 34. Ne2 Nb6 35. Nf4+ Kd7 36. Nxd5 Nxd5+ 37. Kd2 h5 38. Rf7+ Kc6 39. Rh7 Rf5 40. Ra7 Nb6 41. Kc2 Nc4 42. Re7 Rf1 43. Rxe4 Ra1 44. Re1 Rxa2+ 45. Kd3 Kd5 46. Bf4 Rf2 47. Rb1 a2 0-1

[Event "French Top 16-A 2024"]
[Site "Chartres"]
[Date "2024.06.01"]
[Round "1.5"]
[White "Moussard, Jules"]
[Black "Barseghyan, Harutyun"]
[Result "1/2-1/2"]
[ECO "B12"]
[WhiteElo "2611"]
[BlackElo "2431"]
[Annotator "TA"]
[PlyCount "136"]
[EventDate "2024.06.01"]
[EventType "team-tourn"]
[EventCountry "FRA"]
[SourceTitle "playchess.com"]
[Source "ChessBase"]
[SourceQuality "1"]
[TimeControl "40/5400+30:1800+30"]

1. e4 c6 2. d4 d5 3. e5 Bf5 4. Nd2 e6 5. Nb3 Nd7 6. Nf3 a6 7. Be3 Rc8 8. c3 c5 9. Be2 c4 10. Nbd2 f6 11. O-O Bg6 12. b3 cxb3 13. Qxb3 Qb6 14. c4 Qxb3 15. axb3 Ne7 16. Rfc1 Nc6 17. cxd5 exd5 18. exf6 gxf6 19. Nh4 Bd6 20. Bg4 Ne7 21. Nf1 ({Better is} 21. Rxc8+ $16 Nxc8 22. Nf1) 21... Rxc1 $14 22. Rxc1 Nf8 23. Ng3 Kf7 24. Ngf5 Nxf5 25. Nxf5 Bxf5 26. Bxf5 Ne6 27. h4 h5 28. g3 Bb8 29. Kf1 Re8 30. Bh3 Ba7 31. Bg2 Rd8 32. Rd1 Kg6 33. Ke2 Ng7 34. Rc1 Bb6 35. Kd3 Nf5 36. Bf3 Nxe3 37. Kxe3 Rd6 (37... f5 $14 {was preferrable.}) 38. Rc8 $16 Bd8 39. Rc5 b6 40. Rxd5 Rxd5 41. Bxd5 f5 42. Bb7 a5 43. Bc6 Kf7 (43... Bc7 $16 {was worth a try.}) 44. Kf4 Bf6 45. d5 ({Much weaker is} 45. Kxf5 Bxd4 46. f3 Bf2 $11) 45... Bd4 {[%emt 0:00:00] [#]} 46. Kxf5 (46. d6 $1 $18 Kf6 47. d7 Be5+ 48. Ke3) 46... Bxf2 $16 47. g4 hxg4 48. Kxg4 Ke7 49. h5 Be3 50. Kf5 Bd4 $2 (50... Kd6 $16 {is a better defense.}) 51. Kg6 $18 Be5 $2 (51... Bc3 52. h6 Kd6) 52. h6 $18 Bd4 (52... Kd6 $142 53. Kf7 Bb2) 53. Kh7 Kd6 54. Kg8 Kc5 55. h7 Be5 56. h8=Q ({But not} 56. h8=R $6 Bxh8 57. Kxh8 b5 $11) (56. Kf7 $16 {Strongly threatening Ke7.} Kd6 57. Kg6) 56... Bxh8 $11 57. Kxh8 b5 58. Be8 a4 $1 59. b4+ (59. bxa4 {simplifies} bxa4 60. Bxa4 Kxd5 61. Kg8) 59... Kxd5 60. Bxb5 a3 61. Be8 Kc4 (61... a2 $5 62. Bf7+ $8 Kc6 63. Bxa2 Kb5 $11) 62. b5 Kc5 (62... Kb4 $5 63. Bf7 $8 a2 64. Bxa2 Kxb5 $11) 63. Bf7 Kxb5 64. Kg8 Kb4 65. Kg7 Kc3 66. Kh8 Kb2 67. Kg7 a2 68. Bxa2 $1 Kxa2 1/2-1/2

[Event "French Top 16-A 2024"]
[Site "Chartres"]
[Date "2024.06.01"]
[Round "1.5"]
[White "Hamdouchi, Hicham"]
[Black "Saya, Ethan"]
[Result "1-0"]
[ECO "B40"]
[WhiteElo "2528"]
[BlackElo "2234"]
[Annotator "TA"]
[PlyCount "83"]
[EventDate "2024.06.01"]
[EventType "team-tourn"]
[EventCountry "FRA"]
[SourceTitle "playchess.com"]
[Source "ChessBase"]
[SourceQuality "1"]
[TimeControl "40/5400+30:1800+30"]

1. e4 e6 2. d3 c5 3. Nf3 Nc6 4. g3 Nge7 5. Bg2 g6 6. d4 Bg7 (6... cxd4 $11 {should be considered.} 7. Nxd4 Bg7 8. Nxc6 bxc6) 7. d5 $14 Nd4 8. Nfd2 {[%emt 0:04:16] White is slightly better.} exd5 9. exd5 O-O 10. c3 Nb5 11. Ne4 {[%emt 0:06:42][%cal Oa2a4] [#] Threatens to win with a4!} d6 12. Bf4 Bf5 13. O-O a6 14. a4 Bxe4 15. Bxe4 Na7 (15... Nc7 $14) 16. Nd2 $16 b6 17. Nc4 Nac8 18. h4 Rb8 {[%emt 0:04:24] Black is weak on the light squares} 19. Re1 {[%emt 0:11:25] White has more active pieces.} Qc7 20. h5 b5 21. axb5 axb5 22. Ne3 Nb6 23. hxg6 hxg6 24. Bf3 Na4 25. Qd2 Rbe8 26. Be2 Qd7 27. Bg4 Qc7 {[%emt 0:04:51] [#]} 28. Nc4 Nc8 $1 $14 29. Bxc8 (29. Na3 $5 Rxe1+ 30. Rxe1 $16) 29... Rxe1+ 30. Qxe1 bxc4 31. Rxa4 Rxc8 32. Rxc4 Qb6 33. Qe2 Ra8 34. Re4 $36 {[%emt 0:01:48][%mdl 2048] aiming for Re8+. White is really pushing.} Kh7 $2 {[%emt 0:02:39][%mdl 8192] A mistake that costs the game.} (34... Bf6 $16 {was necessary.} 35. Re8+ Rxe8 36. Qxe8+ Kg7) 35. Re7 $18 Ra1+ 36. Kh2 Qb3 37. Qf3 ({Weaker is} 37. Bxd6 Qxd5 38. Qe4 Qxd6 $17) 37... Rd1 (37... Qd1 $142 38. Qxd1 Rxd1) 38. Rxf7 ({Less strong is} 38. Bxd6 Qxd5 39. Qxd5 (39. Qxf7 $2 Qh1#) 39... Rxd5 $18) (38. Bd2 $142 Rxd2 39. Qxf7 Rxf2+ 40. Qxf2 Qxd5 41. Qf6 Qh5+ 42. Qh4) 38... Rxd5 39. g4 {[%emt 0:01:48] Dodges Rh5+} Qc4 $2 (39... Rh5+ 40. gxh5 Qxf7) 40. Rd7 (40. Rc7 $142) 40... Rd3 41. Be3 {[%emt 0:30:41] Intending Qf6 and mate.} Qd5 42. Qf6 {[%emt 0:00:00] Weighted Error Value: White=0.41/Black=0.38.  Loses game:     	---       	Black=1      Mistake:       	White=3     	Black=4      Inaccurate:     	White=2     	Black=6      OK:         	White=12    	Black=9      Best:        	White=1     	Black=1      Strong:       	---       	Black=1} 1-0

[Event "French Top 16-A 2024"]
[Site "Chartres"]
[Date "2024.06.01"]
[Round "1.6"]
[White "Vitoux, Colomban"]
[Black "Goldsztejn, Gildas"]
[Result "1/2-1/2"]
[ECO "B50"]
[WhiteElo "2374"]
[BlackElo "2412"]
[Annotator "RC"]
[PlyCount "95"]
[EventDate "2024.06.01"]
[EventType "team-tourn"]
[EventCountry "FRA"]
[SourceTitle "playchess.com"]
[Source "ChessBase"]
[SourceQuality "1"]
[TimeControl "40/5400+30:1800+30"]

1. e4 c5 2. Nf3 d6 3. c3 Nf6 4. Be2 g6 5. O-O Bg7 6. Re1 O-O 7. Bf1 Nc6 8. h3 e5 9. d3 d5 10. Nbd2 Re8 11. Qc2 h6 12. a3 a5 13. a4 Be6 14. g3 Rc8 15. Kh2 c4 16. dxc4 dxe4 17. Nh4 Qb6 18. Nb3 Ne7 19. Be3 Qc7 20. Nc5 Bf5 21. b4 axb4 22. cxb4 b6 23. Na6 Qb7 24. b5 g5 25. Ng2 Nd7 26. a5 Bg6 27. axb6 f5 28. c5 f4 29. c6 Nxc6 30. bxc6 Rxc6 31. Bc4+ Kh7 32. Bd5 Rxc2 33. Bxb7 fxe3 34. Nxe3 Rxf2+ 35. Kg1 Rf3 36. Bc6 Nxb6 37. Bxe8 Bxe8 38. Kg2 Nd7 39. Nc7 Bf7 40. Ra7 Nf6 41. g4 h5 42. Nf5 hxg4 43. hxg4 Nxg4 44. Nxg7 Kxg7 45. Rxe4 Rf4 46. Ne6+ Kf6 47. Nxf4 gxf4 48. Rxf4+ 1/2-1/2

[Event "French Top 16-A 2024"]
[Site "Chartres"]
[Date "2024.06.01"]
[Round "1.6"]
[White "Wlodarczyk, Cyril"]
[Black "Macon, Arthur"]
[Result "1-0"]
[ECO "A14"]
[WhiteElo "2123"]
[BlackElo "2352"]
[Annotator "RC"]
[PlyCount "143"]
[EventDate "2024.06.01"]
[EventType "team-tourn"]
[EventCountry "FRA"]
[SourceTitle "playchess.com"]
[Source "ChessBase"]
[SourceQuality "1"]
[TimeControl "40/5400+30:1800+30"]

1. Nf3 Nf6 2. g3 d5 3. Bg2 e6 4. O-O Be7 5. c4 O-O 6. b3 a5 7. a3 c6 8. Bb2 b5 9. cxb5 cxb5 10. Nc3 Ba6 11. Ne5 Bd6 12. d4 Nbd7 13. f4 Rc8 14. Re1 b4 15. Na4 Qe7 16. axb4 Bxb4 17. Rf1 Rc7 18. Bf3 Rfc8 19. Rc1 Rxc1 20. Bxc1 Bb5 21. Nxd7 Nxd7 22. Be3 Qd6 23. f5 exf5 24. Bf4 Qe6 25. h3 Nf6 26. Be5 Ne4 27. Bxe4 fxe4 28. g4 Qa6 29. Rf2 e3 30. Rg2 Qe6 31. Qb1 f6 32. Bf4 g5 33. Bg3 Ba3 34. Qa2 Rc1+ 35. Kh2 Bb4 36. Nc5 Bxc5 37. dxc5 Rxc5 38. Qxa5 Qd7 39. Qb6 Qc6 40. Qd8+ Qe8 41. Qxf6 Qg6 42. Qe7 Rc8 43. Qxe3 Re8 44. Qd2 Bc6 45. Rf2 h6 46. Qc3 Ba8 47. Be5 Qe6 48. Bd4 Rf8 49. Rxf8+ Kxf8 50. e3 Bc6 51. Qb4+ Kg8 52. Qb8+ Be8 53. b4 h5 54. Qd8 Qg6 55. Qxd5+ Kh7 56. e4 hxg4 57. Qe5 g3+ 58. Kxg3 Qf7 59. Qxg5 Bd7 60. b5 Qb3+ 61. Kf4 Qf7+ 62. Bf6 Bxb5 63. Qxb5 Qc7+ 64. e5 Qc1+ 65. Ke4 Qh1+ 66. Kd4 Qg1+ 67. Kd5 Qg2+ 68. Kd6 Qd2+ 69. Kc7 Qc3+ 70. Kd8 Kh6 71. Qd7 Qg3 72. Qg7+ 1-0

[Event "French Top 16-A 2024"]
[Site "Chartres"]
[Date "2024.06.01"]
[Round "1.7"]
[White "Degraeve, Jean-Marc"]
[Black "Migot, Tangi"]
[Result "1-0"]
[ECO "B22"]
[WhiteElo "2463"]
[BlackElo "2326"]
[Annotator "TA"]
[PlyCount "65"]
[EventDate "2024.06.01"]
[EventType "team-tourn"]
[EventCountry "FRA"]
[SourceTitle "playchess.com"]
[Source "ChessBase"]
[SourceQuality "1"]
[TimeControl "40/5400+30:1800+30"]

1. e4 c5 2. Nf3 e6 3. c3 d5 4. exd5 Qxd5 5. d4 Nf6 6. Na3 Nc6 7. Be3 {[%emt 0:01:42] Threatening Nb5.} Ng4 8. Nc4 b5 {[%emt 0:14:44] [#]} 9. Nce5 Ngxe5 {[%emt 0:21:17] The position is equal.} (9... Nxe3 10. fxe3) 10. dxe5 {[%emt 0:03:11] Strongly threatening Qxd5.} Rb8 11. a4 Qxd1+ 12. Kxd1 bxa4 (12... b4 $11 {deserves consideration.}) 13. Kc1 $1 $14 Bd7 14. Rxa4 Nxe5 15. Rxa7 Nc6 16. Ra6 {[%emt 0:01:38] White is more active.} Bd6 17. Nd2 Ke7 18. Ne4 Ra8 19. Bxc5 Bxc5 20. Nxc5 Ne5 21. f4 Ng4 22. Be2 Rxa6 23. Nxa6 Ne3 24. Bf3 Bb5 25. Nc5 ({Don't do} 25. Re1 Nxg2 26. Bxg2 Bxa6 $14) 25... Rd8 26. Re1 Nf1 27. h3 Nd2 28. Be2 Nc4 29. b3 Nd6 30. Bxb5 Nxb5 31. c4 Nd4 (31... Nd6 $142 32. Kb2 h5) 32. Kb2 $18 Nc6 33. Kc3 {[%emt 0:00:00] Prevents Rd2.   Weighted Error Value: White=0.05 (flawless) /Black=0.16 (very precise) .  Mistake:       	---       	Black=2      Inaccurate:     	White=1     	Black=3      OK:         	White=9     	Black=8      Best:        	White=3     	---        Strong:       	White=1     	---} 1-0